 Dungeon Crawl Stone Soup version 0.32-a0-290-g598725c5f2 (webtiles) character file.

Game seed: 8702505094556528997

767 oldriver the Magician (level 7, -6/52 HPs)
             Began as a Demonspawn Conjurer on Feb 14, 2024.
             Engulfed by a steam dragon's steam (11 damage)
             ... on level 5 of the Dungeon.
             The game lasted 00:05:27 (5231 turns).

oldriver the Magician (Demonspawn Conjurer)         Turns: 5231, Time: 00:05:27

Health: -6/52      AC:  3    Str:  7    XL:     7   Next: 52%
Magic:  10/15      EV: 12    Int: 20    God:
Gold:   117        SH:  0    Dex: 12    Spells: 14/17 levels left

rFire   . . .        w - +4 mace
rCold   . . .        (no shield)
rNeg    + . .        a - +0 robe
rPois   +            (no helmet)
rElec   .            (no cloak)
rCorr   .            x - +0 pair of gloves
SInv    .            (no boots)
Will    .....        (no amulet)
Stlth   ++           d - ring of positive energy
HPRegen 0.28/turn    v - ring of poison resistance
MPRegen 0.14/turn

%: no passive effects
@: no status effects
A: powered by pain 1, spiny 1, sturdy frame 2, demonic touch 1
a: no special abilities


You were on level 5 of the Dungeon.
You visited 1 branch of the dungeon, and saw 5 of its levels.

You collected 117 gold pieces.

Inventory:

Hand Weapons
 w - a +4 mace (weapon)
Armour
 a - a +0 robe (worn)
 x - a +0 pair of gloves (worn)
Jewellery
 d - a ring of positive energy (left hand)
 v - a ring of poison resistance (right hand)
Wands
 n - a wand of flame (16)
 t - a wand of iceblast (12)
Scrolls
 f - a scroll of teleportation {unknown}
 h - a scroll of poison {unknown}
 i - 2 scrolls of fog {unknown}
 j - 2 scrolls of revelation {unknown}
 k - a scroll of noise {unknown}
 m - 2 scrolls of identify {unknown}
 p - a scroll of immolation {unknown}
 s - a scroll of amnesia {unknown}
 u - a scroll of blinking {unknown}
Potions
 b - 2 potions of magic
 c - 4 potions of lignification {unknown}
 e - a potion of brilliance {unknown}
 g - 5 potions of enlightenment {unknown}
 l - a potion of cancellation {unknown}
 o - a potion of invisibility {unknown}
 q - 3 potions of might {unknown}
 r - 2 potions of heal wounds {unknown}


   Skills:
 + Level 3.5 Fighting
 - Level 1.7 Dodging
 - Level 1.7 Stealth
 * Level 5.9 Spellcasting
 + Level 5.8 Conjurations


You had 14 spell levels left.
You knew the following spells:

 Your Spells              Type           Power      Damage    Failure   Level
a - Magic Dart            Conj           100%       1d8       1%          1
b - Searing Ray           Conj           58%        2d6       1%          2

Your spell library contained the following spells:

 Spells                   Type           Power      Damage    Failure   Level
 Blink                    Tloc           10%        N/A       16%         2
 Call Imp                 Summ           10%        N/A       16%         2
 Fulminant Prism          Conj/Alch      8%         3d7       30%         4
 Iskenderun's Mystic Bla  Conj/Tloc      17%        2d5       30%         4


Dungeon Overview and Level Annotations

Branches:
Dungeon (5/15)
 Temple: D:4-7

Altars:
Ashenzari
Fedhas
Gozag
Kikubaaqudgha
Wu Jian


Innate Abilities, Weirdness & Mutations

You sometimes gain a little power by taking damage.
You are partially covered in sharp spines.
Your movements are less encumbered by armour. (ER -4)
Your touch may inflict minor irresistible damage on your foes.


Message History

A steam dragon is nearby!
A steam dragon is nearby!
The magic dart hits the steam dragon.
The steam dragon is moderately wounded.
The steam dragon hisses angrily.
You start resting.
A steam dragon is nearby!
Casting: Magic Dart (safe; 1% risk of failure)
Confirm with . or Enter, or press ? or * to list all spells.
Aiming: Searing Ray (safe; 1% risk of failure)
Press: ? - help, Shift-Dir - straight line, f/p - steam dragon
Aim: a steam dragon (moderately wounded, 79% to hit)
The searing ray hits the steam dragon.
The steam dragon is moderately wounded. (Press . to maintain the ray.)
The steam dragon breathes steam at you. The ball of steam hits you!!
You focus on the pain.
You feel your power returning.
The searing ray misses the steam dragon.
You are engulfed in a cloud of scalding steam.
The searing ray hits the steam dragon.
The steam dragon is moderately wounded.
You are engulfed in a cloud of scalding steam.
The steam dragon is struck by your spines.
The steam dragon bites you. The steam dragon closely misses you.
Casting: Searing Ray (safe; 1% risk of failure)
Confirm with . or Enter, or press ? or * to list all spells.
Restarting spell: Searing Ray (safe; 1% risk of failure)
Press: ? - help, Shift-Dir - straight line, f/p - steam dragon
Aim: a steam dragon (steam, heavily wounded, catching its breath, 79% to hit)
The searing ray hits the steam dragon.
The steam dragon is severely wounded. (Press . to maintain the ray.)
The steam dragon bites you!
* * * LOW HITPOINT WARNING * * *
The steam dragon claws you.
* * * LOW HITPOINT WARNING * * *
The searing ray misses the steam dragon.
You are engulfed in a cloud of scalding steam.
You die...

###########
######.......§.#
#....#.#######@#
#.##)#.#......D#######
#.#.[[<#.##.#..§...D..
#.#.[#.# # #..######.
###.#.[#.# #...
..).#.(#.# ...##
....#..#.# ....#
....#..#.# ######
....#..###


You could see a steam dragon.

Vanquished Creatures
  An ogre (D:5)
  A crimson imp (D:5)
  2 hounds (D:4)
  2 sleepcaps (D:4)
  An orc priest (D:4)
  2 iguanas (D:4)
  3 orc wizards
  A scorpion zombie (D:3)
  A hound skeleton (D:3)
  8 gnolls
  8 adders
  A ribbon worm (D:3)
  2 dart slugs (D:1)
  14 orcs
  7 ball pythons
  9 endoplasms
  3 giant cockroaches
  12 goblins
  3 hobgoblins
  2 jackals (D:3)
  5 kobolds
  4 quokkas
  3 bats
  A frilled lizard (D:3)
  A giant cockroach zombie (D:3)
  2 goblin zombies (D:5)
  3 hobgoblin zombies (D:5)
  2 kobold skeletons (D:5)
  A kobold zombie (D:5)
  10 rats
115 creatures vanquished.

Notes
Turn   | Place    | Note
-------+----------+-------------------------------------------
     0 | D:1      | oldriver the Demonspawn Conjurer began the quest for the
                  | Orb.
     0 | D:1      | Reached XP level 1. HP: 13/13 MP: 3/3
   120 | D:1      | Gained mutation: Your movements are slightly less
                  | encumbered by armour. (ER -2) [demonic ancestry]
   120 | D:1      | Reached XP level 2. HP: 19/19 MP: 0/5
   501 | D:1      | Gained mutation: Your touch may inflict minor irresistible
                  | damage on your foes. [demonic ancestry]
   501 | D:1      | Reached XP level 3. HP: 24/24 MP: 0/7
   990 | D:1      | Learned a level 2 spell: Searing Ray
  1181 | D:2      | Reached XP level 4. HP: 31/31 MP: 5/9
  1185 | D:2      | Reached skill level 1 in Fighting
  1972 | D:3      | Found a blossoming altar of Fedhas.
  1972 | D:3      | Found an ornate altar of the Wu Jian Council.
  1983 | D:3      | Found an ancient bone altar of Kikubaaqudgha.
  1988 | D:3      | Found an opulent altar of Gozag.
  2001 | D:3      | Found a broken altar of Ashenzari.
  2025 | D:3      | Gained mutation: Your movements are less encumbered by
                  | armour. (ER -4) [demonic ancestry]
  2025 | D:3      | Reached XP level 5. HP: 37/37 MP: 1/11
  2631 | D:3      | Reached skill level 5 in Conjurations
  2893 | D:3      | Gained mutation: You are partially covered in sharp spines.
                  | [demonic ancestry]
  2893 | D:3      | Reached XP level 6. HP: 43/44 MP: 8/12
  3576 | D:4      | Reached skill level 5 in Spellcasting
  3976 | D:4      | Gained mutation: You sometimes gain a little power by
                  | taking damage. [demonic ancestry]
  3976 | D:4      | Reached XP level 7. HP: 41/52 MP: 8/15
  4256 | D:4      | Identified the +1 leather armour of the Evening Star {+Inv
                  | Dex+4}
  4789 | D:5      | Entered Level 5 of the Dungeon
  5220 | D:5      | Noticed a steam dragon
  5231 | D:5      | Engulfed by a steam dragon's steam

Illustrated notes

Levels and vault maps discovered:
D:1:      minmay_arrival_four_houses, layout_basic
D:2:      layout_loops_ring, minivault_11, minmay_misc_feat_x
D:3:      layout_rooms, nicolae_overflow_hallway_of_the_gods, serial_undead,
          serial_undead_e, serial_undead_d, serial_undead_e, serial_undead_e,
          st_stairs_9, nicolae_half_adder
D:4:      layout_basic, hex_medium, chequers_serial_rivers_micro_e
D:5:      layout_basic, nicolae_tso_besieged_by_evil, temple_hall,
          serial_corexii_hall, chequers_hall_statues_corner_a,
          corexii_hall_statues_s

Skill      XL: |  1  2  3  4  5  6 |
---------------+-------------------+-----
Spellcasting   | 3 4 5 |  5.9
Fighting       | 1 2 3 |  3.5
Conjurations   | 5 |  5.8
Dodging        | |  1.7
Stealth        | |  1.7

Action                     |  1- 3 |  4- 6 |  7- 9 || total
---------------------------+-------+-------+-------++-------
  Melee: Unarmed           |     3 |       |       ||     3
         Mace              |       |       |     2 ||     2
         Touch             |       |       |     1 ||     1
   Cast: Magic Dart        |    56 |   136 |    72 ||   264
         Searing Ray       |     1 |    10 |     5 ||    16
 Armour: Robe              |     4 |    16 |    25 ||    45
  Dodge: Dodged            |     9 |    20 |    16 ||    45

Table legend: (Time is in decaauts)
 A = Elapsed time spent in this place.
 B = Non-inter-level travel time spent in this place.
 C = Inter-level travel time spent in this place.
 D = Time resting spent in this place.
 E = Time spent auto-exploring this place.
 F = Levels seen in this place.
 G = Mean time per level.
                   A        B        C        D        E       F      G
               +--------+--------+--------+--------+--------+-----+--------+
         Total |   5231 |   5052 |    179 |    561 |   3847 |   5 | 1046.2 |
       Dungeon |   5231 |   5052 |    179 |    561 |   3847 |   5 | 1046.2 |
               +--------+--------+--------+--------+--------+-----+--------+

Top non-repeatable levels by time:
     D:4: 1723 daAuts
     D:3: 1216 daAuts
     D:2: 1050 daAuts
     D:1: 1004 daAuts
     D:5: 236 daAuts
